 Dungeon Crawl Stone Soup version 0.16.1-30-g34a7ffa (webtiles) character file.

72 Mysteryquy the Ruffian (level 4, 0/39 (40) HPs)
             Began as a Ghoul Monk on June 26, 2015.
             Slain by a scorpion (8 damage)
             ... on level 3 of the Dungeon.
             The game lasted 00:02:29 (1246 turns).

Mysteryquy the Ruffian (Ghoul Monk)                 Turns: 1246, Time: 00:02:29

HP:   0/39 (40)     AC:  2    Str: 14    XL:     4   Next: 26%
MP:   12/12         EV: 13    Int:  5    God:
Gold: 118           SH:  0    Dex: 12    Spells: 0 memorised, 3 levels left

rFire  . . .     SeeInvis .       - Unarmed
rCold  + . .     Clarity  .     a - +0 robe
rNeg   + + +     SustAb   .     (no shield)
rPois  ∞         Gourm    .     (no helmet)
rElec  .         Spirit   .     (no cloak)
rCorr  .         Warding  .     (no gloves)
rMut   .         Stasis   .     (no boots)
MR     .....                    (no amulet)
Stlth  ++........               (no ring)
                                q - ring of magical power

@: rotting, not resistant to hostile enchantments, unstealthy
A: rotting body, claws 1, carnivore 3, cold resistance 1, negative energy
resistance 3, poison resistance, slow healing 1, torment resistance, unbreathing
a: no special abilities


You were on level 3 of the Dungeon.
You were not hungry.

You visited 1 branch of the dungeon, and saw 3 of its levels.

You collected 118 gold pieces.

Inventory:

Armour
 a - a +0 robe (worn)
Jewellery
 q - a ring of magical power (left claw)
Scrolls
 d - a scroll of immolation {unknown}
 e - a scroll of magic mapping {unknown}
 f - a scroll of fog {unknown}
 g - a scroll of identify {unknown}
 i - a scroll of teleportation {unknown}
 k - a scroll of enchant armour {unknown}
 l - 2 scrolls of remove curse {unknown}
 m - a scroll of fear {unknown}
 p - a scroll of enchant weapon {unknown}
Potions
 b - a potion of curing {unknown}
 h - a potion of heal wounds {unknown}
 j - a potion of cancellation {unknown}
 o - a potion of mutation {unknown}
 r - a potion of decay {unknown}
 s - a potion of resistance {unknown}
Comestibles
 c - 4 meat rations
 n - a royal jelly


   Skills:
 + Level 3.7 Fighting
 + Level 3.1 Dodging
 - Level 2.1 Stealth
 * Level 5.5 Unarmed Combat


You had 3 spell levels left.
You didn't know any spells.

Dungeon Overview and Level Annotations

Branches:
Dungeon (3/15)

Altars:

Annotations:
D:3 foxtale's ghost, average DsWz


Innate Abilities, Weirdness & Mutations

Your body is rotting away.
You thrive on raw meat.
You have sharp fingernails.
You are carnivorous and can eat meat at any time.
Your flesh is cold resistant.
You are immune to negative energy.
Your system is resistant to poisons.
You heal slowly when monsters are visible.
You are immune to unholy pain and torment.
You can survive without breathing.


Message History

There is an open door here.
The giant gecko closely misses you. The giant gecko bites you.
* * * LOW HITPOINT WARNING * * *
There is an open door here.
You scratch the giant gecko.
The giant gecko begins to bleed from its wounds!
The giant gecko is moderately wounded.
The giant gecko barely misses you.
You scratch the giant gecko.
The giant gecko is almost dead.
The giant gecko closely misses you.
You closely miss the giant gecko.
The giant gecko is almost dead.
The giant gecko closely misses you. The giant gecko barely misses you.
You scratch the giant gecko.
You kill the giant gecko!
There is a stone staircase leading up here.
The scorpion stings you!
You die...

#####
#........#
#...(######.#
.... #.# ...
#.# # #.# #.#
#.# #.######
#.s@...#
########


You could see a scorpion.

Vanquished Creatures
  4 adders (D:2)
  A gnoll (D:1)
  7 goblins
  A hobgoblin (D:1)
  A kobold (D:1)
  A ball python (D:3)
  3 bats
  2 giant cockroaches
  3 giant geckos
  2 giant newts (D:2)
  4 rats
29 creatures vanquished.

Notes
Turn   | Place    | Note
--------------------------------------------------------------
     0 | D:1      | Mysteryquy, the Ghoul Monk, began the quest for the Orb.
     0 | D:1      | Reached XP level 1. HP: 19/19 MP: 1/1
   198 | D:1      | Reached XP level 2. HP: 23/26 MP: 2/2
   355 | D:1      | Reached skill level 5 in Unarmed Combat
   355 | D:1      | Reached XP level 3. HP: 8/31 MP: 3/3
   817 | D:2      | Reached XP level 4. HP: 36/40 MP: 3/3
  1163 | D:3      | Noticed foxtale's ghost (average DsWz)
  1246 | D:3      | Slain by a scorpion

Action                   |  1- 3 |  4- 6 || total
-------------------------+-------+-------++-------
Melee: Unarmed           |    74 |    22 ||    96
 Stab: Sleeping          |     1 |       ||     1
  Eat: Chunk             |     2 |     2 ||     4
